 Dungeon Crawl Stone Soup version 0.31-a0-795-g5eb97db20b (webtiles) character file.

Game seed: 6567288187476535469

35 cforsyth the Sneak (level 3, 0/31 HPs)
             Began as a Djinni Delver on Sept 18, 2023.
             Slain by a gnoll bouda
             ... wielding a +0 club
              (3 damage)
             ... on level 5 of the Dungeon.
             The game lasted 00:00:43 (486 turns).

cforsyth the Sneak (Djinni Delver)                   Turns: 486, Time: 00:00:44

Health: 0/31       AC:  3    Str: 11    XL:     3   Next: 52%
Gold:   32         EV: 12    Int: 13    God:
                   SH:  0    Dex: 14

rFire   + + .        a - +0 falchion
rCold   x . .        (no shield)
rNeg    . . .        b - +0 leather armour
rPois   ∞            (no helmet)
rElec   .            (no cloak)
rCorr   .            (no gloves)
SInv    .            (boots unavailable)
Will    .....        (no amulet)
Stlth   ++           (no ring)
HPRegen 0.25/turn    (no ring)
MPRegen 0.00/turn

%: infuse magic (-1 HP)
@: weakened, flying, hasted, very quick
A: sickness immunity, fire resistance 2, cold vulnerability 1, float, innate
caster, HP casting, extra vitality 1
a: no special abilities


You were on level 5 of the Dungeon.
You visited 1 branch of the dungeon, and saw 1 of its levels.

You collected 32 gold pieces.

Inventory:

Hand Weapons
 a - a +0 falchion (weapon)
Armour
 b - a +0 leather armour (worn)
Wands
 g - a wand of digging (3)
Scrolls
 c - a scroll of fog
 d - a scroll of revelation


   Skills:
 + Level 3.7 Fighting
 - Level 1.7 Long Blades
 - Level 2.1 Dodging
 - Level 4.1 Stealth
 + Level 1.3 Spellcasting
 + Level 1.3 Conjurations
 + Level 1.3 Hexes
   Level 0.0 Charms
 + Level 1.3 Summonings
 + Level 1.3 Necromancy
 + Level 1.3 Translocations
 + Level 1.3 Transmutations
 + Level 1.3 Fire Magic
 + Level 1.3 Ice Magic
 + Level 1.3 Air Magic
 + Level 1.3 Earth Magic
 + Level 1.3 Poison Magic


You knew the following spells:

 Your Spells              Type           Power      Damage    Failure   Level
a - Apportation           Tloc           8%         N/A       22%         1
Your spell library was empty.

Dungeon Overview and Level Annotations

Branches:
Dungeon (5/15)
 Temple: D:4-7

Altars:


Innate Abilities, Weirdness & Mutations

You are immune to sickness and miasma.
You are immune to poison.
Your flesh is very heat resistant. (rF++)
You are vulnerable to cold. (rC-)
You float through the air rather than walking.
You learn spells naturally, not from books.
Your magical power is your life essence.
You have superior vitality. (+4 MHP)


Message History

You kill the ufetubus!
You start resting.
HP restored.
You start waiting.
Done waiting.
A gnoll bouda comes into view. It is wielding a +0 club.
A gnoll bouda is nearby!
A gnoll bouda is nearby!
The gnoll bouda shouts!
You start waiting.
A gnoll bouda is nearby!
The gnoll bouda barks out a call to the hunt!
You hear a shout!
You completely miss the gnoll bouda.
You hear a shout! x2
The gnoll bouda hits you with a +0 club.
You barely miss the gnoll bouda. You punch the gnoll bouda.
The gnoll bouda is lightly wounded.
The gnoll bouda barely misses you.
A gnoll comes into view.
It is wielding a +1 whip of electrocution.
You hit the gnoll bouda.
The gnoll bouda is moderately wounded.
The gnoll bouda gazes fiercely through you!
You feel your attacks grow feeble.
The gnoll bouda hits you with a +0 club! x2
You completely miss the gnoll bouda.
The gnoll bouda is moderately wounded.
The gnoll bouda hits you with a +0 club!
* * * LOW HITPOINT WARNING * * *
You hit the gnoll bouda.
The gnoll bouda is heavily wounded.
The gnoll bouda barks out a call to the hunt!
You hear a shout!
Okay, then.
Okay, then.
You feel yourself speed up.
The gnoll bouda gazes fiercely through you!
You feel as though you will be weak longer.
The gnoll bouda hits you with a +0 club.
You die...

#...........#.#
#.###.........# #.#
#......g#.# #.# #.......#.#
#.# #.........# #.#
##.#.###..# ####.# #...# #..#
#....#####..###..# #####
#.###........@gg.# ####...#
#.# #....[..####.######......#
#.#...........................
#.#.#......###.#####.##.......
#.#.#...... #.# #.##^......
#.......... #.# #.##.##...#
#.#........###.# #.##.##...#
#..............# #.##.###.##
#.#........###.#####.##.# .#


You could see a gnoll bouda and a gnoll (swift).

Vanquished Creatures
  A hound (D:5)
  An ufetubus (D:5)
2 creatures vanquished.

Notes
Turn   | Place    | Note
-------+----------+-------------------------------------------
     0 | D:5      | cforsyth the Djinni Delver began the quest for the Orb.
     0 | D:5      | Reached XP level 1. HP: 20/20 MP: 0/0
    50 | D:5      | Noticed a hound
   140 | D:5      | Killed a hound
   141 | D:5      | Reached skill level 1 in Spellcasting
   141 | D:5      | Reached skill level 1 in Conjurations
   141 | D:5      | Reached skill level 1 in Hexes
   141 | D:5      | Reached skill level 1 in Summonings
   141 | D:5      | Reached skill level 1 in Necromancy
   141 | D:5      | Reached skill level 1 in Translocations
   141 | D:5      | Reached skill level 1 in Transmutations
   141 | D:5      | Reached skill level 1 in Fire Magic
   141 | D:5      | Reached skill level 1 in Ice Magic
   141 | D:5      | Reached skill level 1 in Air Magic
   141 | D:5      | Reached skill level 1 in Earth Magic
   141 | D:5      | Reached skill level 1 in Poison Magic
   141 | D:5      | Reached XP level 2. HP: 6/25 MP: 0/0
   141 | D:5      | Reached XP level 3. HP: 7/30 MP: 0/0
   141 | D:5      | Learned a level 1 spell: Apportation
   486 | D:5      | Slain by a gnoll bouda

Illustrated notes

Levels and vault maps discovered:
D:5:      layout_loops_ring, gammafunk_ghost_grave, uniq_edmund

Skill      XL: |  1 |
---------------+----+-----
Spellcasting   | 1 |  1.3
Conjurations   | 1 |  1.3
Hexes          | 1 |  1.3
Summonings     | 1 |  1.3
Necromancy     | 1 |  1.3
Translocations | 1 |  1.3
Transmutations | 1 |  1.3
Fire Magic     | 1 |  1.3
Ice Magic      | 1 |  1.3
Air Magic      | 1 |  1.3
Earth Magic    | 1 |  1.3
Poison Magic   | 1 |  1.3
Fighting       | |  3.7
Long Blades    | |  1.7
Dodging        | |  2.1
Stealth        | |  4.1

Action                     || total
---------------------------++-------
  Melee: Falchion          ||    21
         Punch             ||     1
    Use: Scroll            ||     1
         Potion            ||     1
 Armour: Leather armour    ||    34
  Dodge: Dodged            ||    31

Table legend: (Time is in decaauts)
 A = Elapsed time spent in this place.
 B = Non-inter-level travel time spent in this place.
 C = Inter-level travel time spent in this place.
 D = Time resting spent in this place.
 E = Time spent auto-exploring this place.
 F = Levels seen in this place.
 G = Mean time per level.
                   A        B        C        D        E       F      G
               +--------+--------+--------+--------+--------+-----+--------+
         Total |    490 |    490 |      0 |    316 |     63 |   1 |  490.0 |
       Dungeon |    490 |    490 |      0 |    316 |     63 |   1 |  490.0 |
               +--------+--------+--------+--------+--------+-----+--------+

Top non-repeatable levels by time:
     D:5: 490 daAuts
